AoeStats
← TIMVP

Nomad

508315392Analyzed
3v3 RM · 10d ago on Sep 21, 2026· 14m 41s· 6 players
Game mode
Random Map
Map size
210×210
Population
200
Speed
Normal
Resources
Standard
Victory
Conquest
Starting age
Dark Age
Ending age
Imperial Age
RankedLock teamsTeams togetherTeam positionsShared explorationLock speedFull tech treeHidden civsTurbo modeCheats
Victory
Defeat
🇵🇪 Romans · Peru
676
+19
🇵🇪 Dravidians · Peru
661
+20
🇨🇱 Ethiopians · Chile
643
+20
🇫🇷 Byzantines · France
765
-20
🇲🇽 Franks · Mexico
744
-20
🇦🇺 Dravidians · Australia
721
-19
alangb_par
6:40 Loom
16:11 Feudal Age
Beardsley McTurbanhead
6:37 Loom
牛胜newsheng8
8:24 Loom
A†ilA
15:49 Feudal Age
Takhyom
9:07 Loom
TIMVP
10:59 Loom
15:15 Feudal Age
Connection lost

Rejoining the realm…

Still unreachable

The connection could not be restored.

Session expired

The server has moved on; the page needs a fresh start.